 Dungeon Crawl Stone Soup version 0.29-a0-319-gad05b8d819 (webtiles) character file.

Game seed: 8728138812294250358

110 Flugkiller the Insei (level 4, -4/44 HPs)
             Began as a Mayflytaur Chaos Knight on Apr 1, 2022.
             Was a Plaything of Xom.
             Slain by a gnoll
             ... wielding a +0 flail
              (6 damage)
             ... on level 5 of the Dungeon.
             The game lasted 00:03:16 (711 turns).

Flugkiller the Insei (Mayflytaur Chaos Knight)       Turns: 711, Time: 00:03:17

Health: -4/44      AC: 11    Str: 15 (16) XL:     4   Next: 91%
Magic:  12/14      EV:  4    Int: 16 (17) God:    Xom [..*...]
Gold:   91         SH:  5    Dex: 11 (14) Spells: 3/3 levels left

rFire   . . .      SeeInvis .     - Unarmed
rCold   . . .      Faith    .   (no shield)
rNeg    . . .      Spirit   .   o - +1 plate armour of Natsop {MP+9 Str+3 Int+2 Stlth-}
rPois   .          Reflect  +   (no helmet)
rElec   .          Harm     .   (no cloak)
rCorr   .          Rampage  .   (no gloves)
Will    .....                   (no boots)
Stlth   ..........              e - amulet of reflection
HPRegen 0.14/turn               (no ring)
MPRegen 0.14/turn               (no ring)

@: brilliant, flying
A: damage resistance, big wings, sense surroundings 1, short lifespan
a: Renounce Religion


You were on level 5 of the Dungeon.
You worshipped Xom.
You were a toy of Xom.
You visited 1 branch of the dungeon, and saw 6 of its levels.

You collected 91 gold pieces.

Inventory:

Hand Weapons
 a - a +0 hand axe of chaos
 h - a +1 vampiric whip
   (You took it off a kobold on level 2 of the Dungeon)
 p - a +0 dagger of venom
   (You found it on level 5 of the Dungeon)
Armour
 b - a +2 leather armour
 f - a +0 kite shield
   (You found it on level 1 of the Dungeon)
 o - the +1 plate armour of Natsop (worn) {MP+9 Str+3 Int+2 Stlth-}
   (You found it on level 5 of the Dungeon)

   Str:       It affects your strength (+3).
   Int:       It affects your intelligence (+2).
   MP:        It affects your magic capacity (+9).
   Stlth:     It makes you less stealthy.
Magical Staves
 k - a staff of death
   (You found it on level 3 of the Dungeon)
Jewellery
 e - an amulet of reflection (around neck)
   (You found it on level 1 of the Dungeon)
Wands
 l - a wand of charming (8)
   (You found it on level 3 of the Dungeon)
Scrolls
 j - a scroll of silence
Miscellaneous
 c - a piece from Xom's chessboard (15/15) (quivered)


   Skills:
 - Level 4.0 Fighting
 - Level 3.2 Axes
 - Level 2.1 Armour
 - Level 1.1 Dodging
 + Level 5.1 Unarmed Combat


You had 3 spell levels left.
You didn't know any spells.
Your spell library contained the following spells:

 Spells                   Type           Power      Damage    Failure   Level
 Inner Flame              Hex/Fire       0%         N/A       100%        3
 Cause Fear               Hex            0%         N/A       100%        4
 Discord                  Hex            0%         N/A       100%        8


Dungeon Overview and Level Annotations

Branches:
Dungeon (6/15)             Temple (0/1) D:5

Altars:


Innate Abilities, Weirdness & Mutations

You are resistant to damage.
Your large and strong wings let you fly.
You passively map a small area around you.
You are easily found by Zot.


Message History

The gnoll barely misses you.
You barely miss the gnoll shaman.
The gnoll shaman is moderately wounded.
The gnoll shaman hits you with a +0 club!
You block the gnoll's attack. The gnoll hits you but does no damage.
The gnoll hits you with a +0 flail. The gnoll shaman barely misses you.
The gnoll hits you from afar with a +0 spear.
You fly upwards.
Reactivating autopickup.
The iguana bites you but does no damage.
There is a stone staircase leading down here.
You barely miss the iguana. The gnoll hits you with a +0 flail!
You block the gnoll shaman's attack. The iguana bites you.
As you read the scroll labelled MONOWE BUKHONO, it crumbles to dust.
It is a scroll of identify.
g - 3 potions of curing;
q - 3 potions of curing;
r - a scroll of identify The gnoll hits you with a +0 flail.
The gnoll shaman hits you but does no damage.
The iguana barely misses you.
It was a potion of degeneration.
There was something very wrong with that liquid.
You feel weakened.
You feel dopey.
You feel clumsy.
Xom roars with laughter!
The gnoll shaman hits you with a +0 club!
The gnoll hits you but does no damage. The iguana bites you!
* * * LOW HITPOINT WARNING * * *
It was a potion of brilliance.
You feel clever all of a sudden. The gnoll hits you with a +0 flail.
* * * LOW HITPOINT WARNING * * *
The gnoll shaman hits you with a +0 club.
You block the iguana's attack.
Unknown command.
Okay, then.
As you read the scroll of identify, it crumbles to dust.
j - a scroll of silence The gnoll hits you with a +0 flail.
* * * LOW HITPOINT WARNING * * *
The gnoll shaman hits you with a +0 club.
Something hits you but does no damage.
Deactivating autopickup; reactivate with Ctrl-A.
The iguana bites you.
* * * LOW HITPOINT WARNING * * *
Unknown command.
As you read the scroll labelled LUTYUSHR RIAFAMAT, it crumbles to dust.
It is a scroll of amnesia.
You feel forgetful for a moment. The gnoll hits you with a +0 flail.
* * * LOW HITPOINT WARNING * * *
The gnoll shaman calls upon its god to heal the gnoll.
The gnoll's wounds heal themselves!
Something hits you but does no damage. The iguana bites you.
You feel better. The gnoll hits you but does no damage.
The gnoll shaman hits you but does no damage.
Something hits you but does no damage.
The iguana bites you but does no damage.
You feel better.
The gnoll shaman calls upon its god to speed up the gnoll.
The gnoll seems to speed up.
The gnoll hits you but does no damage. Something hits you but does no damage.
You block the iguana's attack.
Okay, then.
You feel better. The gnoll hits you but does no damage.
The gnoll shaman barely misses you. Something hits you but does no damage.
The iguana barely misses you. The gnoll hits you with a +0 flail.
Okay, then.
You feel the dreadful sensation subside.
Your +0 hand axe of chaos is briefly surrounded by a scintillating aura of random colours.
a - a +0 hand axe of chaos (weapon)
You block the gnoll shaman's attack. The gnoll barely misses you.
You are now empty-handed.
You block the iguana's attack. Something hits you.
You hit the gnoll shaman but do no damage.
The gnoll shaman is moderately wounded.
The gnoll hits you with a +0 flail.
The gnoll shaman mumbles some strange prayers to its god against you.
You resist with some effort. You block something's attack.
The iguana bites you.
You punch the gnoll shaman! Your punch misses the gnoll shaman.
The gnoll shaman is severely wounded.
The gnoll hits you with a +0 flail.
The gnoll shaman hits you with a +0 club.
You block the gnoll's attack. Something hits you. The iguana bites you!
* * * LOW HITPOINT WARNING * * *
You barely miss the gnoll shaman.
The gnoll shaman is severely wounded.
The gnoll barely misses you.
The gnoll shaman hits you but does no damage.
Something hits you but does no damage.
The iguana bites you but does no damage.
You barely miss the gnoll shaman.
The gnoll shaman is severely wounded.
The gnoll hits you with a +0 flail.
* * * LOW HITPOINT WARNING * * *
The gnoll shaman prays to its god.
The gnoll shaman is healed somewhat.
The gnoll hits you but does no damage.
You barely miss the gnoll shaman.
The gnoll shaman is heavily wounded.
Something hits you but does no damage.
The iguana bites you but does no damage.
The gnoll hits you with a +0 flail!
You die...
Xom cackles wildly!

...........# , *
,*#......)...# #... ,
##........>.# #..# ,
#...........+ #..# ,
#...........###..# , *
* #.......<........# ,
##...........###(## #,
, ,,
............#gg..#.# ,
,
##..........#@l....#..
, ,
*#..........##{.......8
#.............P.P.#...
,
##.............>....#.
, #............P.P..##
#................## * *
##............#.### *
#.............#.#
#............$+.#


You could see a gnoll shaman, an iguana and a gnoll (fast).

Vanquished Creatures
  4 gnolls (D:4)
  4 adders (D:2)
  2 dart slugs
  An orc (D:5)
  A ball python (D:3)
  A bat (D:2)
  3 endoplasms
  3 giant cockroaches
  5 goblins
  4 jackals
  3 frilled lizards
  A kobold (D:2)
  A rat (D:2)
33 creatures vanquished.

Notes
Turn   | Place    | Note
-------+----------+-------------------------------------------
     0 | D:1      | Flugkiller the Mayflytaur Chaos Knight began the quest for
                  | the Orb.
     0 | D:1      | Reached XP level 1. HP: 21/21 MP: 2/2
    48 | D:1      | Reached skill level 1 in Unarmed Combat
    55 | D:1      | You are sucked into a shaft and drop 1 floor!
    86 | D:2      | XOM: silly message
    98 | D:2      | Reached XP level 2. HP: 27/30 MP: 3/3
   125 | D:2      | Reached skill level 2 in Unarmed Combat
   125 | D:2      | Reached XP level 3. HP: 33/36 MP: 4/4
   195 | D:2      | Reached skill level 3 in Unarmed Combat
   195 | D:2      | Glimpsed the power of Zot.
   354 | D:3      | Reached XP level 4. HP: 44/44 MP: 5/5
   387 | D:4      | XOM: silly message
   403 | D:4      | Reached skill level 4 in Unarmed Combat
   463 | D:4      | XOM: potion effect (curing)
   498 | D:4      | Reached skill level 5 in Unarmed Combat
   643 | D:5      | Entered Level 5 of the Dungeon
   647 | D:5      | Identified the +1 plate armour of Natsop {MP+9 Str+3 Int+2
                  | Stlth-}
   676 | D:5      | Found a staircase to the Ecumenical Temple.
   687 | D:6      | Noticed a sky beast
   700 | D:5      | HP: 2/44 [iguana (4)]
   710 | D:5      | HP: 2/44 [gnoll/+0 flail (4)]
   711 | D:5      | Slain by a gnoll

Illustrated notes

Levels and vault maps discovered:
D:1:      minmay_arrival_four_circles, layout_rooms,
          hellmonk_ecumenical_altar_inner_sanctum,
          amcnicky_mini_rare_corridor_liquid, minmay_misc_feat_nine_boxes
D:2:      layout_basic
D:3:      layout_basic
D:4:      layout_basic, kennysheep_slug_shrine, xom_redecorated
D:5:      layout_basic, eat_drink_and_be_merry_uskayaw,
          minmay_temple_entry_trees
D:6:      layout_loops_ring, mainiacjoe_overflow_boulevard, serial_shops, shop,
          chequers_serial_rivers_large_a

Skill      XL: |  1  2  3  4 |
---------------+-------------+-----
Unarmed Combat | 1 2 3 5 |  5.1
Fighting       | 4 |  4.0
Axes           | |  3.2
Armour         | |  2.1
Dodging        | |  1.1

Action                   |  1- 3 |  4- 6 || total
-------------------------+-------+-------++-------
Melee: Hand axe          |    32 |       ||    32
       Whip              |    49 |    70 ||   119
       Punch             |     1 |     3 ||     4
       Unarmed           |       |     5 ||     5
  Use: Potion            |       |     5 ||     5
       Scroll            |       |     3 ||     3
 Stab: Sleeping          |     1 |       ||     1
Armor: Leather armour    |    22 |     7 ||    29
       Plate armour      |       |    24 ||    24
Dodge: Dodged            |    36 |    30 ||    66
Block: Other             |    18 |    20 ||    38

Table legend: (Time is in decaauts)
 A = Elapsed time spent in this place.
 B = Non-inter-level travel time spent in this place.
 C = Inter-level travel time spent in this place.
 D = Time resting spent in this place.
 E = Time spent auto-exploring this place.
 F = Levels seen in this place.
 G = Mean time per level.
                   A        B        C        D        E       F      G
               +--------+--------+--------+--------+--------+-----+--------+
         Total |    713 |    682 |     31 |      0 |      0 |   6 |  118.8 |
       Dungeon |    713 |    682 |     31 |      0 |      0 |   6 |  118.8 |
               +--------+--------+--------+--------+--------+-----+--------+

Top non-repeatable levels by time:
     D:2: 220 daAuts
     D:4: 186 daAuts
     D:3: 168 daAuts
     D:1: 71 daAuts
     D:5: 58 daAuts
     D:6: 7 daAuts
